 Dungeon Crawl Stone Soup version 0.31-a0-175-g9f7f995f2b (webtiles) character file.

Game seed: 12881122346420432429

54 qw the Shooter (level 3, -3/32 HPs)
             Began as a Naga Hunter on June 16, 2023.
             Slain by a sleepcap (8 damage)
             ... on level 4 of the Dungeon.
             The game lasted 00:00:32 (1565 turns).

qw the Shooter (Naga Hunter)                        Turns: 1565, Time: 00:00:33

Health: -3/32      AC:  3    Str: 13    XL:     3   Next: 91%
Magic:  3/3        EV:  9    Int:  9    God:
Gold:   159        SH:  0    Dex: 16    Spells: 2/2 levels left

rFire   . . .        Y - +0 shortbow
rCold   . . .        (shield currently unavailable)
rNeg    + . .        c - +0 leather armour
rPois   +            (no helmet)
rElec   .            j - +0 cloak
rCorr   .            (no gloves)
SInv    +            (no barding)
Will    .....        (no amulet)
Stlth   ++           g - ring of positive energy
HPRegen 0.25/turn    (no ring)
MPRegen 0.08/turn

%: no passive effects
@: about to teleport, very slow
A: AC +1, large, see invisible, deformed body, poison resistance, slowness 2,
spit poison 1, naga tail 1
a: Spit Poison


You were on level 4 of the Dungeon.
You visited 1 branch of the dungeon, and saw 4 of its levels.

You collected 159 gold pieces.


Innate Abilities, Weirdness & Mutations

Your serpentine skin is tough. (AC +1)
You have supernaturally acute eyesight. (SInv)
Armour fits poorly on your strangely shaped body.
Your system is resistant to poisons. (rPois)
You cover ground very slowly.
You can spit poison.
You have a snake-like lower body.


   Skills:
 - Level 2.0 Fighting
 + Level 4.9 Ranged Weapons
 - Level 1.5 Dodging
 - Level 1.5 Stealth


You had 2 spell levels left.
You didn't know any spells.
Your spell library was empty.

Inventory:

Hand Weapons
 Y - a +0 shortbow (weapon)
Armour
 c - a +0 leather armour (worn)
 j - a +0 cloak (worn)
Jewellery
 b - a ring of fire
 e - a +4 ring of slaying {mikee}
 g - a ring of positive energy (left hand)
Scrolls
 a - 3 scrolls of teleportation
 d - a scroll of identify
Potions
 f - a potion of mutation
 h - a potion of haste
 i - a potion of curing {unknown}
 k - a potion of heal wounds {unknown}

Dungeon Overview and Level Annotations

Branches:
Dungeon (3/15)

Altars:


Message History

The sleepcap closely misses you.
You shoot an arrow.
The arrow hits the sleepcap but does no damage.
The sleepcap is heavily damaged.
The sleepcap barely misses you.
You shoot an arrow. The arrow hits the sleepcap.
The sleepcap is severely damaged.
The sleepcap releases spores at you.
You shoot an arrow.
The arrow hits the sleepcap but does no damage.
The sleepcap is severely damaged.
The sleepcap releases spores at you but does no damage.
The sleepcap barely misses you.
You shoot an arrow.
The arrow completely misses the sleepcap.
The sleepcap releases spores at you.
You shoot an arrow.
The arrow hits the sleepcap but does no damage.
The sleepcap is severely damaged.
The sleepcap closely misses you.
You shoot an arrow. The arrow hits the sleepcap.
The sleepcap is severely damaged.
The sleepcap releases spores at you.
You are engulfed in a cloud of soporific spores!
You fall asleep.
The sleepcap releases spores at you!
You wake up.
1563 ||| READING 4 scrolls of teleportation.
As you read the scroll of teleportation, it crumbles to dust.
You feel strangely unstable.
The sleepcap releases spores at you but does no damage.
You shoot an arrow.
The arrow hits the sleepcap but does no damage.
The sleepcap is severely damaged.
The sleepcap releases spores at you.
You are engulfed in a cloud of soporific spores!
You are unaffected.
You shoot an arrow. The arrow hits the sleepcap.
The sleepcap is almost destroyed.
The sleepcap releases spores at you. The sleepcap releases spores at you!
You die...

#. #. #. #. #. #.
######f##########.
.......@..........
#######.##########
#.# #.# #.# #.#
#.. #.#


You could see a sleepcap.

Vanquished Creatures
  2 adders (D:2)
  A worm (D:2)
  3 endoplasms
  2 giant cockroaches
  4 goblins
  3 hobgoblins
  A jackal (D:1)
  A quokka (D:1)
  6 ball pythons
  4 bats
  4 frilled lizards
  4 rats (D:1)
35 creatures vanquished.

Notes
Turn   | Place    | Note
-------+----------+-------------------------------------------
     0 | D:1      | qw the Naga Hunter began the quest for the Orb.
     0 | D:1      | Reached XP level 1. HP: 19/19 MP: 1/1
     0 | D:1      | 0 ||| qw: Version: 0.2-a-29-g511e9b1
     0 | D:1      | 0 ||| qw: Game counter: 5888
     0 | D:1      | 0 ||| qw: Always use a shield: true
     0 | D:1      | 0 ||| qw: God list: Okawaru
     0 | D:1      | 0 ||| qw: Allow faded altars: false
     0 | D:1      | 0 ||| qw: Do Orc after D:15 true
     0 | D:1      | 0 ||| qw: Do second Lair branch before Depths: true
     0 | D:1      | 0 ||| qw: Lair rune preference: random
     0 | D:1      | 0 ||| qw: Plans: Normal
     0 | D:1      | 0 ||| PLANNING D:1-11
    18 | D:1      | 18 ||| DROPPING scroll of butterflies.
    20 | D:1      | 20 ||| INVOKING Spit Poison.
    74 | D:1      | 74 ||| INVOKING Spit Poison.
   100 | D:1      | Found a faded altar of an unknown god.
   122 | D:1      | 122 ||| INVOKING Spit Poison.
   128 | D:1      | 128 ||| INVOKING Spit Poison.
   129 | D:1      | 129 ||| INVOKING Spit Poison.
   132 | D:1      | 132 ||| INVOKING Spit Poison.
   319 | D:1      | 319 ||| INVOKING Spit Poison.
   324 | D:1      | Reached skill level 4 in Ranged Weapons
   324 | D:1      | Reached XP level 2. HP: 26/26 MP: 2/2
   337 | D:1      | 337 ||| INVOKING Spit Poison.
   400 | D:1      | 400 ||| INVOKING Spit Poison.
   464 | D:1      | 464 ||| INVOKING Spit Poison.
   470 | D:1      | 470 ||| INVOKING Spit Poison.
   525 | D:1      | 525 ||| INVOKING Spit Poison.
   545 | D:1      | 545 ||| INVOKING Spit Poison.
   556 | D:1      | 556 ||| INVOKING Spit Poison.
   653 | D:1      | 653 ||| INVOKING Spit Poison.
   696 | D:1      | 696 ||| UPGRADING to ring of positive energy.
   697 | D:1      | 697 ||| READING 2 scrolls labelled YRRIOGEOFIGA.
   701 | D:1      | 701 ||| READING scroll labelled ILOLYODUS.
   702 | D:1      | 702 ||| DRINKING 2 smoky yellow potions.
   748 | D:1      | 748 ||| DROPPING potion of lignification.
   814 | D:2      | 814 ||| INVOKING Spit Poison.
   819 | D:2      | Reached XP level 3. HP: 32/32 MP: 3/3
   927 | D:2      | 927 ||| INVOKING Spit Poison.
   987 | D:2      | 987 ||| INVOKING Spit Poison.
   991 | D:2      | 991 ||| INVOKING Spit Poison.
   998 | D:2      | 998 ||| INVOKING Spit Poison.
  1096 | D:2      | 1096 ||| INVOKING Spit Poison.
  1297 | D:2      | 1297 ||| INVOKING Spit Poison.
  1300 | D:2      | 1300 ||| INVOKING Spit Poison.
  1421 | D:2      | 1421 ||| UPGRADING to +0 cloak.
  1426 | D:2      | 1426 ||| READING 4 scrolls labelled BACAAN CUELEN.
  1427 | D:2      | 1427 ||| DRINKING 2 pink potions.
  1428 | D:2      | 1428 ||| READING 3 scrolls of identify.
  1428 | D:2      | 1428 ||| IDENTIFYING puce potion
  1429 | D:2      | 1429 ||| READING 2 scrolls of identify.
  1429 | D:2      | 1429 ||| IDENTIFYING grey potion
  1430 | D:2      | 1430 ||| DROPPING potion of magic.
  1473 | D:3      | 1473 ||| INVOKING Spit Poison.
  1547 | D:3      | You fall into a shaft and drop 1 floor!
  1562 | D:4      | HP: 7/32 [sleepcap (15)]
  1563 | D:4      | 1563 ||| READING 4 scrolls of teleportation.
  1565 | D:4      | Slain by a sleepcap

Levels and vault maps discovered:
D:1:      roderic_crop_circles_arrival_small, layout_loops_ring,
          hellmonk_ecumenical_altar_heavens_door, minmay_tromino_mix6
D:2:      layout_basic, chequers_serial_rivers_micro_e
D:3:      layout_basic, tgw_sif, zin_statuary, uniq_sigmund, uniq_robin
D:4:      layout_basic, lightli_temple_of_fire,
          worldfamousw_hep_ancestral_shrine, grunt_ministairs_14,
          nicolae_stop_n_shop_2, uniq_pikel

Skill      XL: |  1 |
---------------+----+-----
Ranged Weapons | 4 |  4.9
Fighting       | |  2.0
Dodging        | |  1.5
Stealth        | |  1.5

Action                     || total
---------------------------++-------
   Fire: Shortbow          ||    66
Ability: Spit Poison       ||    23
    Use: Scroll            ||     6
         Potion            ||     2
 Armour: Leather armour    ||    10
  Dodge: Dodged            ||    22

Table legend:
 A = Non-vault XP
 B = Vault XP
 C = Vault XP percentage of total XP
 D = Non-vault monster count
 E = Vault monster count
 F = Vault count percentage of total count
                 A         B        C        D         E       F
            +---------+---------+-------+---------+---------+-------
      Total |      72 |       6 |   7.7 |      31 |       4 |  11.4
            +---------+---------+-------+---------+---------+-------
        D:1 |      24 |       6 |  20.0 |      18 |       4 |  18.2
        D:2 |      45 |       0 |   0.0 |      11 |       0 |   0.0
        D:3 |       3 |       0 |   0.0 |       2 |       0 |   0.0
            +---------+---------+-------+---------+---------+-------
